 Dungeon Crawl Stone Soup version 0.26.0-10-g1f06aea511 (webtiles) character file.

Game seed: 14677816836494832864

44 Goblin1989 the Skirmisher (level 3, 0/33 HPs)
             Began as a Ghoul Fighter on Jan 24, 2021.
             Slain by a bat (1 damage)
             ... on level 2 of the Dungeon.
             The game lasted 00:01:35 (1074 turns).

Goblin1989 the Skirmisher (Ghoul Fighter)           Turns: 1074, Time: 00:01:35

Health: 0/33       AC:  6    Str: 20    XL:     3   Next: 62%
Magic:  2/2        EV:  7    Int:  3    God:
Gold:   40         SH:  8    Dex:  8    Spells: 2/2 levels left

rFire    . . .     SeeInvis .     - Unarmed
rCold    + . .     Faith    .   b - +0 kite shield
rNeg     + + +     Spirit   .   a - +0 scale mail
rPois    ∞         Reflect  .   (no helmet)
rElec    .         Harm     .   (no cloak)
rCorr    .         Rampage  .   (no gloves)
Will     .....                  (no boots)
Stlth    ..........             (no amulet)
HPRegen  0.00/turn              (no ring)
MPRegen  0.08/turn              (no ring)

@: very slow
A: claws 1, cold resistance 1, negative energy resistance 3, inhibited
regeneration, torment resistance, unbreathing
a: no special abilities


You were on level 2 of the Dungeon.
You visited 1 branch of the dungeon, and saw 2 of its levels.

You collected 40 gold pieces.

Inventory:

Armour
 a - a +0 scale mail (worn)
 b - a +0 kite shield (worn)
Scrolls
 d - 2 scrolls of random uselessness {unknown}
 g - 2 scrolls of identify {unknown}
 i - a scroll of magic mapping {unknown}
Potions
 c - a potion of might {@q4}
 e - a potion of ambrosia {unknown}
 f - a potion of berserk rage {unknown}
 h - a potion of heal wounds {unknown}
 j - a potion of mutation {unknown}


   Skills:
 + Level 3.6 Fighting
 + Level 3.0 Armour
 + Level 3.0 Shields
 * Level 3.1 Unarmed Combat


You had 2 spell levels left.
You didn't know any spells.
Your spell library was empty.

Dungeon Overview and Level Annotations

Branches:
Dungeon (2/15)

Altars:

Annotations:
D:2 Robin


Innate Abilities, Weirdness & Mutations

You thrive by killing the living.
You are immune to poison.
You have sharp fingernails.
Your flesh is cold resistant. (rC+)
You are immune to negative energy. (rN+++)
You do not regenerate when monsters are visible.
You are immune to unholy pain and torment.
You can survive without breathing.


Message History

You take 1 damage, and have 32/33 hp.
You closely miss the hobgoblin. You block the hobgoblin's attack.
You scratch the hobgoblin.
You kill the hobgoblin!
You feel better.
Health restored: 33 You enter the shallow water.
Moving in this stuff is going to be slow.
The rat closely misses you.
Your unstable footing causes you to fumble your attack.
The rat splashes around in the water.
You closely miss the rat. You block the rat's attack.
You scratch the rat.
You kill the rat!
A bat comes into view.
The bat barely misses you. x2
The bat barely misses you. x2
Your unstable footing causes you to fumble your attack.
The bat hits you but does no damage. You block the bat's attack.
The bat closely misses you. You block the bat's attack.
You scratch the bat.
You kill the bat!
No target in view!
No target in view!
No target in view!
No target in view!
No target in view!
No target in view!
No target in view!
No target in view!
No target in view!
No target in view!
No target in view!
No target in view!
No target in view!
No target in view!
No target in view!
No target in view!
No target in view!
The goblin shouts!
You hear a shout!
A goblin is nearby!
You enter the shallow water.
Moving in this stuff is going to be slow.
The goblin shouts! x2
Robin roars a battlecry!
The goblins go into a battle-frenzy!
Your unstable footing causes you to fumble your attack.
A bat comes into view.
Robin roars a battlecry!
The goblin hits you but does no damage.
The goblin shoots a stone.
The stone hits you but does no damage.
You hear a splash.
You barely miss the goblin. Robin throws the goblin at you!
The goblin hits you but does no damage.
Your unstable footing causes you to fumble your attack.
You block the goblin's attack. x2
You barely miss the bat. The bat closely misses you.
The goblin hits you with a +1 dagger of flaming.
The goblin burns you. You block the goblin's attack.
The goblin shoots a stone.
The stone hits you.
You hear a splash.
Your unstable footing causes you to fumble your attack.
The bat hits you but does no damage. The goblin hits you but does no damage.
Robin throws the goblin at you! The goblin hits you but does no damage.
You completely miss the goblin. You block the bat's attack.
The goblin hits you but does no damage.
You are electrocuted!!
Ouch! That really hurt!
* * * LOW HITPOINT WARNING * * *
The goblin shoots a stone.
The stone hits you.
* * * LOW HITPOINT WARNING * * *
You hear a splash.
The goblin hits you but does no damage.
The goblin hits you with a cursed -3 club.
* * * LOW HITPOINT WARNING * * *
The goblin barely misses you.
You are too injured to fight recklessly!
You are too injured to fight recklessly!
You are too injured to fight recklessly!
You are too injured to fight recklessly!
You are too injured to fight recklessly!
You are too injured to fight recklessly!
You are too injured to fight recklessly!
You are too injured to fight recklessly!
You are too injured to fight recklessly!
You are too injured to fight recklessly!
You take 30 damage, and have 3/33 hp.
MASSIVE DAMAGE!!
You are too injured to fight recklessly!
You are too injured to fight recklessly!
You are too injured to fight recklessly!
Unknown command.
Why would you want to do that?
Unknown command.
The bat closely misses you.
The goblin shoots a stone.
The stone hits you.
* * * LOW HITPOINT WARNING * * *
You hear a splash.
You see here a stone.
You take 2 damage, and have 1/33 hp.
The bat hits you but does no damage. The bat hits you.
You die...

█.█.███.██████
█....██.███
..........█
███..█....████ .
...≈.≈...)...███...
≈...≈...≈.≈.......█
.≈≈≈≈≈≈≈≈≈≈≈.█....█
.≈≈≈≈≈≈≈≈≈≈≈≈█....█
..≈≈≈≈≈≈≈@bg......█
≈≈≈≈≈≈≈≈≈≈(ggg....█
≈≈≈≈≈.⌂≈≈≈≈g......█
..≈≈≈..♣≈≈≈.g█....█
≈≈≈≈≈≈≈≈≈≈g......█
≈≈≈≈≈≈≈≈≈≈...(..█
≈≈≈≈≈≈≈≈≈.g......
███
≈≈..≈≈.≈g........
█.█.█
...[≈≈.÷).≈.....


You could see Robin, a hobgoblin (strong), 7 goblins and a bat.

Vanquished Creatures
  An adder (D:2)
  An ooze (D:1)
  A dart slug (D:1)
  2 giant cockroaches (D:1)
  8 goblins
  4 hobgoblins
  3 bats
  2 frilled lizards (D:1)
  2 kobolds (D:1)
  8 rats
32 creatures vanquished.

Notes
Turn   | Place    | Note
-------+----------+-------------------------------------------
     0 | D:1      | Goblin1989 the Ghoul Fighter began the quest for the Orb.
     0 | D:1      | Reached XP level 1. HP: 19/19 MP: 0/0
   220 | D:1      | Reached XP level 2. HP: 26/26 MP: 1/1
   448 | D:1      | Reached XP level 3. HP: 31/31 MP: 2/2
   850 | D:2      | Found a faded altar of an unknown god.
   850 | D:2      | Noticed Robin
  1073 | D:2      | HP: 1/33 [goblin/stone[Robin] (2)]
  1074 | D:2      | Slain by a bat

Illustrated notes

Levels and vault maps discovered:
D:1:      minmay_arrival_four_houses, layout_basic, bh_walls_and_bars
D:2:      layout_basic, chequers_ecumenical_altar_island, uniq_robin

Skill      XL: |  1  2  3 |
---------------+----------+-----
Unarmed Combat | 3 |  3.1
Shields        | 3 |  3.0
Armour         | 3 |  3.0
Fighting       | |  3.6

Action                   || total
-------------------------++-------
Melee: Unarmed           ||   106
Armor: Scale mail        ||    43
Dodge: Dodged            ||    27
Block: Kite shield       ||    44
